 Dungeon Crawl Stone Soup version 0.21-a0-344-g2144152 (webtiles) character file.

67 tidbits the Sneak (level 3, -3/15 HPs)
             Began as a Felid Transmuter on Oct 4, 2017.
             Slain by a hobgoblin
             ... wielding a +0 club
             ... led by Robin
              (5 damage)
             ... on level 2 of the Dungeon.
             The game lasted 00:04:59 (749 turns).

tidbits the Sneak (Felid Transmuter)                 Turns: 749, Time: 00:05:00

Health: -3/15      AC:  1    Str:  6    XL:     3   Next: 98%
Magic:  0/7        EV: 18    Int: 15    God:
Gold:   103        SH:  0    Dex: 16    Spells: 3/6 levels left
                                        Lives:  0   Deaths: 0

rFire    . . .     SeeInvis +     - Unarmed
rCold    . . .     Gourm    .   (shield unavailable)
rNeg     . . .     Faith    .   (armour unavailable)
rPois    .         Spirit   .   (helmet unavailable)
rElec    .         Reflect  .   (cloak unavailable)
rCorr    .         Harm     .   (gloves unavailable)
MR       .....                  (boots unavailable)
Stlth    +++.......             (no amulet)
HPRegen  0.05/turn              (no ring)
MPRegen  0.10/turn              (no ring)

@: appendage, quick
A: no armour, no weapons or thrown items, stealth, claws 1, fangs 3, horns 2,
see invisible, carnivore 3, speed 1, shaggy fur 1, slow metabolism 1, sharp paws
a: End Transformation


You were on level 2 of the Dungeon.
You were very full.
You had grown temporary horns.
You visited 1 branch of the dungeon, and saw 3 of its levels.

You collected 103 gold pieces.

Inventory:

Missiles
 a - 4 arrows
Scrolls
 e - a scroll of teleportation {unknown}
 f - 3 scrolls of remove curse
Potions
 d - a potion of curing
 g - a potion of heal wounds
 h - a potion of might {unknown}
 i - 2 potions of agility {unknown}
Books
 b - a book of Changes

   Spells                             Type                      Level
   a - Beastly Appendage              Transmutation                1
   b - Sticks to Snakes               Transmutation                2
   c - Spider Form                    Transmutation/Poison         3
   d - Ice Form                       Ice/Transmutation            4
   e - Blade Hands                    Transmutation                5
Comestibles
 c - 2 meat rations


   Skills:
 - Level 1.0 Fighting
 - Level 2.6 Dodging
 + Level 4.7 Stealth
 * Level 3.4 Unarmed Combat
 - Level 2.0 Spellcasting
 - Level 2.1 Transmutations


You had 3 spell levels left.
You knew the following spells:

 Your Spells              Type           Power        Failure   Level  Hunger
e - Beastly Appendage     Tmut           #.....       9%          1    #......
k - Sticks to Snakes      Tmut           #.......     14%         2    ###....


Dungeon Overview and Level Annotations

Branches:
Dungeon (3/15)

Altars:


Innate Abilities, Weirdness & Mutations

You cannot wear armour.
You are incapable of wielding weapons or throwing items.
Your paws allow you to move quietly. (Stealth)
You have sharp claws.
You have razor-sharp teeth.
You have supernaturally acute eyesight. (SInv)
You are carnivorous and can eat meat at any time.
You cover ground quickly.
You are covered in fur. (AC +1)
You have a slow metabolism.
Your sharp claws are effective at attacking unaware monsters.
You have a pair of horns on your head.


Message History

Your ball python constricts the goblin.
The goblin closely misses you.
You scratch the goblin but do no damage.
The goblin is severely wounded.
Your ball python bites the goblin.
The goblin dies!
Your ball python barely misses the goblin.
Your ball python grabs the goblin.
Your ball python constricts the goblin.
The goblin misses you. The goblin closely misses you.
You scratch the goblin.
You kill the goblin!
Your transformation is almost over.
The goblin completely misses you.
A hobgoblin comes into view. It is wielding a club.
You closely miss the goblin. You headbutt the goblin.
The goblin is heavily wounded.
The hobgoblin moves out of view.
Robin throws the goblin at you!
You scratch the goblin.
You kill the goblin!
The goblin misses you.
Your ball python bites the goblin.
The goblin dies!
You scratch the goblin but do no damage.
Your ball python bites the goblin.
Your ball python closely misses the goblin.
The goblin misses you.
You scratch the goblin but do no damage.
You headbutt the goblin.
You kill the goblin!
The goblin closely misses your ball python.
You completely miss the goblin. You headbutt the goblin. You bite the goblin.
You kill the goblin!
Your ball python misses the goblin.
Your ball python grabs the goblin.
Your ball python constricts the goblin.
Your ball python bites the goblin.
Your ball python constricts the goblin.
The goblin hits your ball python.
You scratch the goblin.
You kill the goblin!
Your ball python bites the goblin.
The goblin dies!
You scratch Robin but do no damage.
Your ball python closely misses Robin.
Your ball python grabs Robin.
Your ball python constricts Robin.
Robin struggles to escape constriction.
You scratch Robin but do no damage. You headbutt Robin.
Robin is lightly wounded.
Your ball python bites Robin but does no damage.
Your ball python constricts Robin.
Robin struggles to escape constriction.
A goblin comes into view. It is wielding a dagger.
You completely miss Robin. You headbutt Robin.
You claw Robin, but do no damage.
Robin is lightly wounded.
Your ball python bites Robin but does no damage.
Your ball python constricts Robin.
Robin closely misses you.
You scratch Robin.
Robin is heavily wounded.
Your horns disappear.
The hobgoblin no longer looks unusually strong.
Your ball python bites Robin but does no damage.
Your ball python constricts Robin.
Casting: Sticks to Snakes
Confirm with . or Enter, or press ? or * to list all spells.
You grow a pair of large bovine horns.
Your ball python bites Robin but does no damage.
Your ball python constricts Robin.
Robin hits you with a mace.
Your ball python bites Robin but does no damage.
Your ball python constricts Robin.
You scratch Robin but do no damage.
Robin is severely wounded.
The goblin no longer looks unusually strong.
Robin closely misses your ball python.
Your ball python bites Robin.
Your ball python constricts Robin.
You completely miss Robin. You headbutt Robin.
Robin is almost dead.
Your ball python bites Robin but does no damage.
Your ball python constricts Robin.
Robin hits your ball python with a mace!
Your ball python dies!
Casting: Beastly Appendage
Confirm with . or Enter, or press ? or * to list all spells.
You extend your transformation's duration.
Robin roars a battlecry!
The goblins go into a battle-frenzy!
Casting: Beastly Appendage
Confirm with . or Enter, or press ? or * to list all spells.
You create a snake!
You now have 4 arrows.
Robin closely misses you.
Your magical contamination has completely faded away.
You barely miss Robin.
Robin is almost dead.
You scratch Robin.
You kill Robin!
You barely miss the hobgoblin. Your headbutt misses the hobgoblin.
Your ball python bites the hobgoblin.
Your ball python grabs the hobgoblin.
Your ball python constricts the hobgoblin.
The hobgoblin hits you with a club.
* * * LOW HITPOINT WARNING * * *
You scratch the hobgoblin but do no damage.
The hobgoblin is moderately wounded.
Your ball python bites the hobgoblin.
Your ball python constricts the hobgoblin.
Your ball python bites the hobgoblin.
Your ball python constricts the hobgoblin.
The hobgoblin hits you with a club.
You die...

#.............g..
#...........)...
+............>..
#...........#'#
#.........#.#.#
######.........#.#
.<...#.........#g#
...8.#.........#g#######
.†...######+#..S@)......
...8.# #.####.#######
.....# #.........#
...8.# #..###.##.#
..)..# # #.##.#
#'######### #.##.#
..........# ..##.#
....#####.# ####.#
.....# #.#..###....#


You could see a hobgoblin, a goblin and a friendly ball python.

Vanquished Creatures
  Robin (D:2)
  An adder (D:2)
  4 hobgoblins
  7 jackals (D:1)
  7 kobolds
  A quokka (D:2)
  3 bats (D:1)
  4 frilled lizards (D:1)
  8 goblins
36 creatures vanquished.

Vanquished Creatures (collateral kills)
  An ooze (D:1)
  A dart slug (D:1)
  A giant cockroach (D:1)
  3 goblins (D:2)
6 creatures vanquished.

Grand Total: 42 creatures vanquished

Notes
Turn   | Place    | Note
-------+----------+-------------------------------------------
     0 | D:1      | tidbits the Felid Transmuter began the quest for the Orb.
     0 | D:1      | Reached XP level 1. HP: 9/9 MP: 4/4
    32 | D:1      | Reached skill level 1 in Stealth
    38 | D:1      | Reached skill level 2 in Stealth
   113 | D:1      | Reached XP level 2. HP: 11/12 MP: 6/6
   119 | D:1      | Learned a level 2 spell: Sticks to Snakes
   141 | D:1      | Reached skill level 3 in Stealth
   330 | D:1      | Reached skill level 4 in Stealth
   331 | D:1      | Reached XP level 3. HP: 8/15 MP: 7/7
   716 | D:2      | Found a faded altar of an unknown god.
   716 | D:2      | Noticed Robin
   747 | D:2      | Killed Robin
   749 | D:2      | Slain by a hobgoblin

Vault maps used:
D:1:      nzn_arrival_depleted_hourglass
D:2:      chequers_ecumenical_altar_simple, minmay_misc_feat_iff,
          grunt_ministairs_3, uniq_robin
D:3:      gup_sewer_entry_bubbles, wad_rectangle_vault, uniq_jessica

Skill      XL: |  1  2 |
---------------+-------+-----
Stealth        | 2 4 |  4.7
Fighting       | |  1.0
Dodging        | |  2.6
Unarmed Combat | |  3.4
Spellcasting   | |  2.0
Transmutations | |  2.1

Action                   || total
-------------------------++-------
Melee: Unarmed           ||    95
       Headbutt          ||    10
       Bite              ||     5
       Punch             ||     3
 Cast: Beastly Appendage ||    13
       Sticks to Snakes  ||     8
  Use: Scroll            ||     4
       Potion            ||     1
 Stab: Sleeping          ||     6
  Eat: Chunk             ||     6
Armor: Skin              ||     1
Dodge: Dodged            ||    81

Table legend:
 A = Spawn XP
 B = Non-spawn XP
 C = Spawn XP percentage of total XP
 D = Spawn monster count
 E = Non-spawn monster count
 F = Spawn count percentage of total count
 G = Total turns spent on level
                    A         B        C        D         E        F      G
               +---------+---------+-------+---------+---------+-------+---------
         Total |       0 |      96 |   0.0 |       0 |      42 |   0.0 |   749
               +---------+---------+-------+---------+---------+-------+---------
           D:1 |       0 |      42 |   0.0 |       0 |      25 |   0.0 |   362
           D:2 |       0 |      52 |   0.0 |       0 |      16 |   0.0 |   380
           D:3 |       0 |       2 |   0.0 |       0 |       1 |   0.0 |     7
               +---------+---------+-------+---------+---------+-------+---------

Table legend:
 A = Turns spent in this place as a percentage of turns spent in the entire game.
 B = Non-inter-level travel turns spent in this place as a percentage of non-inter-level travel turns spent in the entire game.
 C = Inter-level travel turns spent in this place as a percentage of turns spent in this place.
 D = Turns resting spent in this place as a percentage of non-inter-level travel turns spent in this place.
 E = Turns spent auto-exploring this place as a percentage of non-inter-level travel turns spent in this place.
 F = Non-inter-level travel turns spent in this place divided by the number of levels of this place that you've seen.
                   A       B       C       D       E      F
               +-------+-------+-------+-------+-------+----------------------
         Total | 100.0 | 100.0 |   0.0 |   0.0 |   0.0 | 249.7
       Dungeon | 100.0 | 100.0 |   0.0 |   0.0 |   0.0 | 249.7
               +-------+-------+-------+-------+-------+----------------------

Table legend:
 A = Kills in this place as a percentage of kills in entire the game.
 B = Kills by you in this place as a percentage of kills by you in the entire game.
 C = Kills by friends in this place as a percentage of kills by friends in the entire game.
 D = Other kills in this place as a percentage of other kills in the entire game.
 E = Experience gained in this place as a percentage of experience gained in the entire game.
 F = Experience gained in this place divided by the number of levels of this place that you have seen.
                   A       B       C       D       E      F
               +-------+-------+-------+-------+-------+----------------------
         Total | 100.0 | 100.0 | 100.0 |   N/A | 100.0 |  32.0
       Dungeon | 100.0 | 100.0 | 100.0 |   N/A | 100.0 |  32.0
               +-------+-------+-------+-------+-------+----------------------

Vault maps used:
D:1:      nzn_arrival_depleted_hourglass
D:2:      chequers_ecumenical_altar_simple, minmay_misc_feat_iff,
          grunt_ministairs_3, uniq_robin
D:3:      gup_sewer_entry_bubbles, wad_rectangle_vault, uniq_jessica
